 Dungeon Crawl Stone Soup version 0.20-a0-1050-g57248f3 (webtiles) character file.

19 Gorglomux the Sneak (level 2, 0/25 HPs)
             Began as a Hill Orc Assassin on Apr 25, 2017.
             Slain by a rat (1 damage)
             ... on level 1 of the Dungeon.
             The game lasted 00:02:01 (146 turns).

Gorglomux the Sneak (Hill Orc Assassin)              Turns: 146, Time: 00:02:02

Health: 0/25       AC:  3    Str: 13    XL:     2   Next: 75%
Magic:  2/2        EV: 11    Int: 11    God:
Gold:   26         SH:  0    Dex: 12    Spells: 1/1 levels left

rFire    . . .     SeeInvis .   b - +0 blowgun
rCold    . . .     Gourm    .   (no shield)
rNeg     . . .     Faith    .   c - +0 robe
rPois    .         Spirit   .   (no helmet)
rElec    .         Reflect  .   d - +0 cloak
rCorr    .         Harm     .   (no gloves)
MR       .....                  (no boots)
Stlth    ++........             (no amulet)
Regen    0.1/turn               (no ring)
MPRegen  0.1/turn               (no ring)

@: hasted (expiring), very quick
A: no striking features
a: no special abilities


You were on level 1 of the Dungeon.
You were not hungry.

You visited 1 branch of the dungeon, and saw 1 of its levels.

You collected 26 gold pieces.

Inventory:

Hand Weapons
 a - a +0 hand axe
   (You found it on level 1 of the Dungeon)
 b - a +0 blowgun (weapon)
 k - a +2 dagger
Armour
 c - a +0 robe (worn)
 d - a +0 cloak (worn)
Scrolls
 j - a scroll of magic mapping {unknown}
 l - a scroll of teleportation {unknown}
 n - a scroll of remove curse {unknown}
Comestibles
 g - a bread ration {@e1@e1}
 h - a chunk of flesh {@w0@w0}
 i - a meat ration {@e2@e2}


   Skills:
 - Level 2.7 Fighting
 - Level 2.1 Short Blades
 + Level 2.3 Axes
 - Level 1.7 Throwing
 - Level 0.8 Dodging
 - Level 3.3 Stealth


You had one spell level left.
You didn't know any spells.

Dungeon Overview and Level Annotations

Branches:
Dungeon (1/15)

Altars:


Message History

You regained 7 hp, and now have 23/25 hp.
MP restored: 2 No target in view!
A rat comes into view.
Unknown command.
n - a scroll labeled RASKOWN ICEYX A rat is nearby!
Unknown command.
A rat is nearby!
Unknown command.
The rat bites you but does no damage.
A rat is nearby!
Unknown command.
You hit the rat.
You kill the rat!
A gnoll comes into view.
Unknown command.
A gnoll is nearby!
The helpless gnoll fails to defend itself.
You hit the gnoll but do no damage. The gnoll barely misses you.
Unknown command.
A gnoll is nearby!
You hit the gnoll. The gnoll barely misses you.
Unknown command.
You closely miss the gnoll. The gnoll hits you but does no damage.
Unknown command.
A gnoll is nearby!
You hit the gnoll. The gnoll hits you! The gnoll hits you.
Unknown command.
You take 11 damage, and have 13/25 hp.
MASSIVE DAMAGE!!
b - a +0 blowgun (weapon)
Aim: a gnoll (heavily wounded)
You shoot a curare-tipped needle.
The curare-tipped needle closely misses the gnoll.
The gnoll hits you!
* * * LOW HITPOINT WARNING * * *
You take 7 damage, and have 6/25 hp.
MASSIVE DAMAGE!!
Aim: a gnoll (heavily wounded)
You shoot a curare-tipped needle.
The curare-tipped needle hits the gnoll.
The gnoll is poisoned.
The gnoll convulses.
The gnoll seems to slow down.
The gnoll hits you.
* * * LOW HITPOINT WARNING * * *
You take 5 damage, and have 1/25 hp.
You kill the gnoll!
Your Axes skill increases to level 2!
A rat comes into view.
A jackal comes into view.
No other missiles available.
Use F to throw any item.
Aim: a jackal (hasn't noticed you)
You shoot a poisoned needle.
The poisoned needle closely misses the jackal.
The jackal barks!
You hear a bark!
A jackal comes into view.
Aim: a jackal You shoot a poisoned needle.
The poisoned needle closely misses the jackal. x2
A jackal comes into view.
It was a potion of haste.
You feel yourself speed up.
The jackal bites you but does no damage.
The jackal bites you.
* * * LOW HITPOINT WARNING * * *
You take 1 damage, and have 1/25 hp.
A jackal comes into view.
You see here a glowing dagger.
You are too injured to fight recklessly!
You are too injured to fight recklessly!
Aim: a jackal You shoot a poisoned needle.
The poisoned needle hits the jackal.
The jackal is poisoned.
Aim: a jackal You shoot a poisoned needle.
The poisoned needle closely misses the jackal.
The poisoned needle hits the jackal.
The jackal is poisoned.
You feel a bit more experienced.
The jackal looks more healthy.
A rat comes into view.
Unknown command.
Aim: a jackal (severely wounded)
You shoot a poisoned needle.
The poisoned needle barely misses the jackal.
Your extra speed is starting to run out.
Aim: a jackal (severely wounded)
You shoot a poisoned needle.
The poisoned needle barely misses the jackal.
Aim: a jackal (severely wounded)
You shoot a poisoned needle.
The poisoned needle closely misses the jackal.
The rat twitches its whiskers.
Aim: a jackal (severely wounded)
You shoot a poisoned needle.
The poisoned needle closely misses the jackal.
The jackal bites you.
* * * LOW HITPOINT WARNING * * *
You take 2 damage, and have 1/25 hp.
Unknown command.
The rat bites you.
You die...

... ..####### ...?....
...... ..#.## .[..###
#.r...# #@.# ##.# ####
#h## ...# #..# #..#
##..# #.. #####.(.#
#.# #. ......#h#
#.#######
####....######.##.....
......#.(.............


You could see 2 jackals and a rat.

Vanquished Creatures
  A gnoll (D:1)
  A dart slug (D:1)
  A jackal (D:1)
  2 kobolds (D:1)
  2 frilled lizards (D:1)
  2 rats (D:1)
9 creatures vanquished.

Notes
Turn   | Place    | Note
-------+----------+-------------------------------------------
     0 | D:1      | Gorglomux the Hill Orc Assassin began the quest for the Orb.
     0 | D:1      | Reached XP level 1. HP: 18/18 MP: 1/1
    77 | D:1      | Reached skill level 1 in Axes
    77 | D:1      | Reached XP level 2. HP: 23/25 MP: 2/2
    97 | D:1      | HP: 6/25 [gnoll (7)]
    98 | D:1      | HP: 1/25 [gnoll (5)]
    99 | D:1      | Reached skill level 2 in Axes
   103 | D:1      | HP: 1/25 [jackal (1)]
   145 | D:1      | HP: 1/25 [jackal (2)]
   146 | D:1      | Slain by a rat

Vault maps used:
D:1:      saegor_arrival_simple_b, st_stairs_14

Skill      XL: |  1  2 |
---------------+-------+-----
Axes           | 1 2 |  2.3
Fighting       | |  2.7
Short Blades   | |  2.1
Throwing       | |  1.7
Dodging        | |  0.8
Stealth        | |  3.3

Action                   || total
-------------------------++-------
Melee: Dagger            ||     5
       Hand axe          ||     8
 Fire: Blowgun           ||    10
  Use: Potion            ||     1
 Stab: Sleeping          ||     3
Armor: Robe              ||     5
Dodge: Dodged            ||     2

Vault maps used:
D:1:      saegor_arrival_simple_b, st_stairs_14

Table legend:
 A = Turns spent in this place as a percentage of turns spent in the entire game.
 B = Non-inter-level travel turns spent in this place as a percentage of non-inter-level travel turns spent in the entire game.
 C = Inter-level travel turns spent in this place as a percentage of turns spent in this place.
 D = Turns resting spent in this place as a percentage of non-inter-level travel turns spent in this place.
 E = Turns spent auto-exploring this place as a percentage of non-inter-level travel turns spent in this place.
 F = Non-inter-level travel turns spent in this place divided by the number of levels of this place that you've seen.
                   A       B       C       D       E      F
               +-------+-------+-------+-------+-------+----------------------
         Total | 100.0 | 100.0 |   0.0 |   0.0 |   5.8 | 173.0
       Dungeon | 100.0 | 100.0 |   0.0 |   0.0 |   5.8 | 173.0
               +-------+-------+-------+-------+-------+----------------------

Table legend:
 A = Kills in this place as a percentage of kills in entire the game.
 B = Kills by you in this place as a percentage of kills by you in the entire game.
 C = Kills by friends in this place as a percentage of kills by friends in the entire game.
 D = Other kills in this place as a percentage of other kills in the entire game.
 E = Experience gained in this place as a percentage of experience gained in the entire game.
 F = Experience gained in this place divided by the number of levels of this place that you have seen.
                   A       B       C       D       E      F
               +-------+-------+-------+-------+-------+----------------------
         Total | 100.0 | 100.0 |  -nan |  -nan | 100.0 |  28.0
       Dungeon | 100.0 | 100.0 |  -nan |  -nan | 100.0 |  28.0
               +-------+-------+-------+-------+-------+----------------------
